AoeStats
← AxingQuestions

Nomad

508781996Analyzed
4v4 RM · 7d ago on Sep 24, 2026· 52m 51s· 8 players
Game mode
Random Map
Map size
231×231
Population
200
Speed
Normal
Resources
Standard
Victory
Conquest
Starting age
Dark Age
Ending age
Imperial Age
RankedLock teamsTeams togetherTeam positionsShared explorationLock speedFull tech treeHidden civsTurbo modeCheats
Victory
Defeat
🇺🇸 Vikings · United States
1203
+16
🇦🇺 Vietnamese · Australia
1201
+16
🇺🇸 Spanish · United States
1199
+16
🇲🇽 Mongols · Mexico
1177
+17
🇦🇷 Varangians · Argentina
1376
-24
🇦🇷 Spanish · Argentina
1162
-15
🇦🇷 Portuguese · Argentina
1149
-14
🇦🇷 Koreans · Argentina
1097
-12
AxingQuestions
4:36 Loom
13:54 Feudal Age
15:29 Town Watch
19:08 Castle Age
17:31 Double-Bit Axe
18:30 Forging
19:30 Horse Collar
25:34 Scale Barding Armor
25:49 Bow Saw
26:08 Heavy Plow
27:47 Gold Mining
27:47 Stone Mining
30:00 Town Patrol
31:43 Gold Shaft Mining
31:50 Crossbowman
35:43 Fletching
39:40 Imperial Age
37:30 Padded Archer Armor
38:31 Bodkin Arrow
38:52 Leather Archer Armor
40:15 Ballistics
39:52 Murder Holes
40:01 Arbalester
40:43 Bracer
41:10 Conscription
42:38 Chemistry
43:33 Ring Archer Armor
43:46 Masonry
44:12 Capped Ram
46:11 Bogsveigar
46:48 Hoardings
47:09 Siege Ram
48:42 Elite Varangian Guard
49:23 Squires
49:08 Arson
49:43 Treadmill Crane
50:36 Architecture
52:24 Scale Mail Armor
iamjackscolon
4:16 Loom
13:22 Feudal Age
15:43 Wheelbarrow
18:50 Castle Age
17:12 Double-Bit Axe
18:50 Gold Mining
18:49 Horse Collar
19:16 Stone Mining
20:38 Bow Saw
20:44 Heavy Plow
24:27 Fletching
30:35 Husbandry
33:05 Bloodlines
32:59 Padded Archer Armor
34:38 Bodkin Arrow
35:36 Hand Cart
38:10 Stone Shaft Mining
37:43 Murder Holes
40:51 Imperial Age
39:02 Light Cavalry
39:49 Scale Barding Armor
39:55 Forging
40:44 Leather Archer Armor
42:39 Chain Barding Armor
42:54 Iron Casting
41:51 Hussar
43:30 Conscription
43:18 Bracer
43:26 Cavalier
45:42 Two-Man Saw
45:50 Ring Archer Armor
46:22 Blast Furnace
46:33 Paladin
48:28 Plate Barding Armor
Jimi
11:18 Loom
14:30 Feudal Age
20:44 Castle Age
19:11 Fletching
19:25 Double-Bit Axe
21:32 Horse Collar
23:37 Bodkin Arrow
25:10 Heavy Plow
25:50 Gold Mining
31:37 Bow Saw
31:22 Stone Mining
32:59 Wheelbarrow
34:35 Hand Cart
41:25 Imperial Age
46:20 Thumb Ring
47:08 Ballistics
47:48 Chemistry
46:51 Padded Archer Armor
47:58 Bloodlines
47:48 Husbandry
47:51 Bracer
48:09 Leather Archer Armor
48:59 Heavy Cavalry Archer
51:12 Ring Archer Armor
52:02 Town Watch
TíoHo Tlaltecuhtli
4:30 Loom
15:06 Feudal Age
19:07 Castle Age
17:45 Double-Bit Axe
18:01 Stone Mining
18:25 Fletching
20:18 Bodkin Arrow
21:58 Padded Archer Armor
24:19 Leather Archer Armor
25:55 Ballistics
29:47 Wheelbarrow
30:46 Bloodlines
31:19 Horse Collar
38:11 Imperial Age
36:51 Bow Saw
36:55 Husbandry
37:12 Hand Cart
36:43 Town Watch
39:17 Bracer
41:55 Gold Mining
41:53 Onager
42:36 Light Cavalry
43:23 Scale Barding Armor
43:28 Forging
43:49 Drill
43:50 Conscription
44:55 Gold Shaft Mining
45:30 Heavy Plow
46:41 Stone Shaft Mining
46:06 Siege Onager
49:22 Chemistry
49:48 Chain Barding Armor
50:04 Iron Casting
49:13 Elite Mangudai
50:52 Hussar
52:52 Blast Furnace
Talaxín
14:14 Loom
16:24 Feudal Age
20:07 Castle Age
18:23 Double-Bit Axe
18:34 Fishing Lines
19:54 Town Watch
21:40 Fletching
22:08 Bow Saw
22:50 Horse Collar
23:49 Bodkin Arrow
26:33 Wheelbarrow
25:58 Town Patrol
28:23 Sanctity
28:28 Gillnets
30:05 Pikeman
30:48 Scale Mail Armor
30:59 Forging
31:16 Gold Mining
31:17 Stone Mining
35:29 Imperial Age
33:19 Masonry
32:52 Treadmill Crane
34:56 Stone Shaft Mining
35:36 Elite Organ Gun
36:36 Conscription
38:50 Siege Engineers
40:59 Coinage
47:43 Two-Man Saw
47:27 Arquebus
RuloEstuvoAcá
5:18 Loom
13:35 Feudal Age
14:15 Fishing Lines
14:28 Double-Bit Axe
21:24 Castle Age
19:43 Gold Mining
20:29 Horse Collar
21:12 Stone Mining
21:55 Forging
21:46 Scale Mail Armor
21:53 Pikeman
22:20 Town Watch
23:56 Wheelbarrow
23:16 Gillnets
24:57 Hand Cart
24:58 Bloodlines
24:48 Husbandry
24:56 Scale Barding Armor
25:28 Iron Casting
25:18 Bow Saw
26:16 Fletching
28:22 Ballistics
28:32 Bodkin Arrow
31:21 Chain Barding Armor
34:09 Stone Shaft Mining
35:39 Padded Archer Armor
40:07 Imperial Age
37:49 Elite Skirmisher
40:19 Heavy Plow
41:08 Conscription
43:29 Bracer
44:06 Plate Barding Armor
43:07 Heavy Mounted Crossbowman
44:32 Town Patrol
47:01 Two-Man Saw
46:38 Light Cavalry
48:01 Hussar
51:16 Halberdier
51:57 Squires
53:00 Blast Furnace
oneastheothers
7:00 Loom
15:35 Feudal Age
18:10 Double-Bit Axe
20:11 Fletching
20:40 Gold Mining
25:15 Wheelbarrow
26:33 Town Watch
31:13 Castle Age
33:26 Elite Skirmisher
41:07 Bodkin Arrow
47:50 Bow Saw
48:35 Hand Cart
49:26 Masonry
50:52 Ballistics
51:22 Pikeman
52:02 Squires
mankosmurf
4:46 Loom
13:45 Feudal Age
17:26 Castle Age
15:36 Fishing Lines
17:00 Fletching
17:52 Double-Bit Axe
18:38 Bow Saw
18:42 Bodkin Arrow
20:54 Gillnets
28:29 Ballistics
27:59 Town Watch
31:40 Scale Barding Armor
33:17 Chain Barding Armor
38:21 Bloodlines
38:11 Husbandry
42:58 Imperial Age
41:20 Wheelbarrow
41:37 Padded Archer Armor
41:42 Gold Mining
43:46 Cranequins
44:47 Bracer
47:24 Chemistry
46:34 Heavy Mounted Crossbowman
51:47 Forging
Connection lost

Rejoining the realm…

Still unreachable

The connection could not be restored.

Session expired

The server has moved on; the page needs a fresh start.